 Dungeon Crawl Stone Soup version 0.27-a0-277-g024f7ef292 (webtiles) character file.

Game seed: 16353097400232410454

1434 Borgoz the Skirmisher (level 8, -3/52 HPs)
             Began as a Gargoyle Berserker on Feb 5, 2021.
             Was an Elder of Trog.
             Slain by an orc warrior
             ... wielding a +2 glaive of flaming
              (19 damage)
             ... on level 6 of the Dungeon.
             The game lasted 00:06:58 (7814 turns).

Borgoz the Skirmisher (Gargoyle Berserker)          Turns: 7814, Time: 00:06:59

Health: -3/52      AC: 10    Str: 21    XL:     8   Next: 73%
Magic:  8/8        EV: 13    Int:  8    God:    Trog [****..]
Gold:   315        SH:  5    Dex: 11    Spells: 7/7 levels left

rFire    + . .     SeeInvis .   m - +0 flail
rCold    . . .     Faith    .   (no shield)
rNeg     + . .     Spirit   .   b - +1 animal skin
rPois    ∞         Reflect  +   (no helmet)
rElec    +         Harm     .   n - +0 cloak
rCorr    +         Rampage  .   (no gloves)
Will     ++...                  (no boots)
Stlth    +.........             r - amulet of reflection
HPRegen  1.17/turn              o - ring of resist corrosion
MPRegen  0.11/turn              t - ring of protection from fire

@: regenerating
A: negative energy resistance 1, electricity resistance, unbreathing,
petrification resistance, miasma immunity, AC +5
a: Renounce Religion, Berserk, Trog's Hand, Brothers in Arms


You were on level 6 of the Dungeon.
You worshipped Trog.
Trog was greatly pleased with you.
You visited 2 branches of the dungeon, and saw 7 of its levels.
You also visited: Ossuary.

You collected 315 gold pieces.

Inventory:

Hand Weapons
 m - a +0 flail (weapon)
Missiles
 l - 3 throwing nets
Armour
 b - a +1 animal skin (worn)
 n - a +0 cloak (worn)
Jewellery
 o - a ring of resist corrosion (left hand)
 r - an amulet of reflection (around neck)
 t - a ring of protection from fire (right hand)
Wands
 s - a wand of mindburst (7)
 v - a wand of iceblast (4)
Scrolls
 a - a scroll of blinking {unknown}
 c - a scroll of fog {unknown}
 f - a scroll of enchant armour
 h - 3 scrolls of remove curse
 j - 4 scrolls of teleportation
 p - a scroll of noise {unknown}
 q - 2 scrolls of immolation {unknown}
Potions
 d - 2 potions of flight
 e - 3 potions of haste {unknown}
 g - 2 potions of curing
 i - a potion of cancellation {unknown}
 k - a potion of heal wounds
 u - a potion of degeneration {unknown}
 w - a potion of resistance
 x - a potion of might {unknown}


   Skills:
 + Level 6.6 Fighting
 + Level 6.0 Maces & Flails
 + Level 6.1 Armour
 + Level 4.6 Dodging


You had 7 spell levels left.
You didn't know any spells.
Your spell library was empty.

Dungeon Overview and Level Annotations

Branches:
Dungeon (6/15)             Temple (1/1) D:5         Ossuary (visited)

Altars:
Ashenzari
Cheibriados
Elyvilon
Kikubaaqudgha
Makhleb
Nemelex Xobeh
Okawaru
Qazlal
Ru
Sif Muna
Trog
Uskayaw
Vehumet
Xom
Yredelemnul
Zin

Annotations:
D:6 2 transporters


Innate Abilities, Weirdness & Mutations

You are resistant to torment.
Your stone body is resilient. (AC +5)
You are immune to poison.
You resist negative energy. (rN+)
You are resistant to electric shocks. (rElec)
You can survive without breathing.
You are immune to petrification.
You are immune to miasma.


Message History

The orc priest completely misses you.
You feel much better. The orc hits you but does no damage.
The orc warrior misses you.
The orc priest invokes the aid of Beogh against you.
Beogh smites you!
* * * LOW HITPOINT WARNING * * *
Your skin crawls.
You feel strong-willed. The orc hits you with a +0 whip.
* * * LOW HITPOINT WARNING * * *
The orc priest invokes the aid of Beogh against you.
You resist with almost no effort. The orc warrior misses you.
You hit the orc.
The orc is heavily wounded.
The orc hits you but does no damage.
Okay, then.
You feel better. You block the orc's attack.
The orc warrior hits you from afar with a +2 glaive of flaming!!
You die...

...##+#####
#...###########'#....
......# +...+
#.....<#.#....
####### #...#
#.######.#.... #
#...# #........###..
.. #...#
############.# .##
#.o.# .........# .#
#.?o#################
.#
####o................
#@################
#.# #.# #.# #.# #.#
#.# #..


You could see an orc warrior, an orc priest and an orc.

Vanquished Creatures
  Sigmund (D:5)
  An ice beast (D:5)
  2 ogres
  A bullfrog (D:6)
  3 scorpions
  A crimson imp (D:3)
  A hound (D:4)
  An orc priest (D:4)
  A jelly (D:5)
  A centaur skeleton (D:5)
  A gnoll shaman (D:6)
  3 iguanas
  Ijyb (D:5)
  Natasha (thrice) (D:2)
  2 worker ants (D:4)
  5 big kobold zombies (Ossuary)
  A mummy (Ossuary)
  3 gnolls (D:6)
  11 adders
  An ooze (D:3)
  2 adder skeletons
  4 worms
  3 dart slugs
  2 leopard geckos
  5 orcs
  2 spectral bats (Ossuary)
  12 bats
  4 giant cockroaches
  10 hobgoblins
  7 jackals
  7 kobolds
  2 quokkas (D:3)
  4 ball pythons
  6 bat simulacra (Ossuary)
  5 frilled lizards
  7 gnoll zombies (Ossuary)
  7 goblins
  6 goblin simulacra (Ossuary)
  6 goblin zombies (Ossuary)
  3 hobgoblin zombies (Ossuary)
  A kobold simulacrum (Ossuary)
  6 kobold zombies (Ossuary)
  3 orc zombies (Ossuary)
  5 rats
  A rat simulacrum (Ossuary)
  3 spectral goblins (Ossuary)
  4 spectral kobolds (Ossuary)
  2 spectral rats (Ossuary)
173 creatures vanquished.

Vanquished Creatures (others)
  5 dream sheep (D:5)
5 creatures vanquished.

Grand Total: 178 creatures vanquished

Notes
Turn   | Place    | Note
-------+----------+-------------------------------------------
     0 | D:1      | Borgoz the Gargoyle Berserker began the quest for the Orb.
     0 | D:1      | Reached XP level 1. HP: 14/14 MP: 1/1
    81 | D:1      | Reached XP level 2. HP: 13/19 MP: 2/2
  1046 | D:2      | Reached XP level 3. HP: 21/24 MP: 3/3
  1342 | D:2      | Reached XP level 4. HP: 10/29 MP: 4/4
  1906 | D:2      | Noticed Natasha
  1918 | D:2      | Killed Natasha
  2056 | D:2      | Noticed Natasha
  2064 | D:2      | Killed Natasha
  2064 | D:2      | Reached ** piety under Trog
  2173 | D:2      | Noticed Natasha
  2184 | D:2      | Killed Natasha
  2185 | D:2      | Reached XP level 5. HP: 30/33 MP: 5/5
  2859 | D:3      | Found a burning altar of Makhleb.
  2910 | D:3      | Reached XP level 6. HP: 39/39 MP: 6/6
  3468 | D:3      | Reached *** piety under Trog
  3721 | D:4      | Found a sand-covered staircase.
  3725 | Ossuary  | Entered an ossuary
  4033 | Ossuary  | HP: 2/40 [mummy (13)]
  4417 | Ossuary  | Reached **** piety under Trog
  4504 | Ossuary  | Reached skill level 5 in Fighting
  4590 | Ossuary  | Reached XP level 7. HP: 44/44 MP: 7/7
  4851 | D:4      | Reached skill level 5 in Maces & Flails
  5256 | D:4      | Reached skill level 5 in Armour
  5784 | D:5      | Entered Level 5 of the Dungeon
  5832 | D:5      | Reached XP level 8. HP: 19/51 MP: 8/8
  6080 | D:5      | Found a staircase to the Ecumenical Temple.
  6106 | Temple   | Entered the Ecumenical Temple
  6183 | D:5      | Noticed Sigmund
  6190 | D:5      | Killed Sigmund
  6340 | D:5      | Noticed Ijyb
  6369 | D:5      | Killed Ijyb
  6429 | D:5      | Noticed a dream sheep
  6429 | D:5      | Noticed a dream sheep
  6429 | D:5      | Noticed a dream sheep
  6429 | D:5      | Noticed a dream sheep
  6429 | D:5      | Noticed a dream sheep
  6429 | D:5      | Found a shimmering altar of Xom.
  6431 | D:5      | Killed a dream sheep
  6433 | D:5      | Killed a dream sheep
  6434 | D:5      | Killed a dream sheep
  6434 | D:5      | Killed a dream sheep
  6435 | D:5      | Killed a dream sheep
  7303 | D:6      | Found a white marble altar of Elyvilon.
  7365 | D:6      | Found a transporter.
  7639 | D:6      | Found a transporter.
  7814 | D:6      | Slain by an orc warrior

Illustrated notes

Levels and vault maps discovered:
D:1:      dpeg_arrival_arbitrary_a, layout_basic, serial_aquarium,
          aquarium_bridge_square [aquarium_subvault_window,
          aquarium_subvault_bridge, aquarium_subvault_window,
          aquarium_subvault_wall], aquarium_bridge_long_separate
          [aquarium_subvault_bridge, aquarium_subvault_bridge,
          aquarium_subvault_bridge, aquarium_subvault_bridge,
          aquarium_subvault_bridge, aquarium_subvault_wall], aquarium_window_2,
          aquarium_window_2, aquarium_window_fake, aquarium_view_2d,
          aquarium_balcony_5a
D:2:      layout_loops_cross, minmay_pentomino_pile, uniq_natasha
D:3:      minmay_bubble_buster, layout_basic, makhleb_grotto_becter,
          minmay_box_of_dots
D:4:      layout_rooms, enter_ossuary_5
D:5:      layout_basic, kb_xom_exploding_sheep,
          minmay_temple_entry_statues_pillars, nrook_campfire,
          minmay_misc_feat_pillars, uniq_sigmund, uniq_ijyb
D:6:      gammafunk_steamed_eel, layout_basic, kennysheep_mini
Temple:   cyrus_circular_temple

Skill      XL: |  1  2  3  4  5  6  7  8 |
---------------+-------------------------+-----
Dodging        | 2 3 4 |  4.6
Armour         | 3 4 5 6 |  6.1
Fighting       | 4 5 6 |  6.6
Maces & Flails | 4 5 6 |  6.0

Action                   |  1- 3 |  4- 6 |  7- 9 || total
-------------------------+-------+-------+-------++-------
Melee: Mace              |   114 |   162 |       ||   276
       Flail             |       |   194 |   268 ||   462
Invok: Berserk           |     1 |     5 |     3 ||     9
       Trog's Hand       |       |       |     2 ||     2
  Use: Scroll            |     2 |     4 |     2 ||     8
       Potion            |       |       |     4 ||     4
 Stab: Sleeping          |       |     4 |       ||     4
       Distracted        |       |     1 |       ||     1
Armor: Animal skin       |    48 |   141 |    94 ||   283
Dodge: Dodged            |   118 |   277 |   204 ||   599
Block: Other             |       |       |    25 ||    25

Table legend: (Time is in decaauts)
 A = Elapsed time spent in this place.
 B = Non-inter-level travel time spent in this place.
 C = Inter-level travel time spent in this place.
 D = Time resting spent in this place.
 E = Time spent auto-exploring this place.
 F = Levels seen in this place.
 G = Mean time per level.
                   A        B        C        D        E       F      G
               +--------+--------+--------+--------+--------+-----+--------+
         Total |   8013 |   7861 |    152 |   1706 |   4551 |   8 | 1001.6 |
       Dungeon |   6946 |   6803 |    143 |   1292 |   4309 |   6 | 1157.7 |
        Temple |     52 |     43 |      9 |      0 |     43 |   1 |   52.0 |
       Ossuary |   1014 |   1014 |      0 |    414 |    199 |   1 | 1014.0 |
               +--------+--------+--------+--------+--------+-----+--------+

Top non-repeatable levels by time:
     D:2: 1515 daAuts
     D:5: 1344 daAuts
     D:3: 1256 daAuts
     D:4: 1193 daAuts
 Ossuary: 1014 daAuts
     D:1: 970 daAuts
     D:6: 666 daAuts
  Temple: 52 daAuts
